 Dungeon Crawl Stone Soup version 0.24-a0-232-g49d9ff8 (webtiles) character file.

Game seed: 9621936713304185095

1529 wirefist the Insei (level 8, 0/54 HPs)
             Began as an Octopode Transmuter on Apr 4, 2019.
             Slain by a wight
             ... wielding a +4 falchion of freezing
              (2 damage)
             ... on level 6 of the Dungeon.
             The game lasted 00:15:00 (7463 turns).

wirefist the Insei (Octopode Transmuter)            Turns: 7463, Time: 00:15:00

Health: 0/54       AC:  1    Str: 12    XL:     8   Next: 85%
Magic:  24/24      EV: 15    Int: 15    God:
Gold:   296        SH:  2    Dex: 12    Spells: 12/16 levels left

rFire    + . .     SeeInvis .     - Unarmed
rCold    . . .     Gourm    .   (no shield)
rNeg     . . .     Faith    .   (helmet restricted)
rPois    .         Spirit   .   A - +2 amulet of reflection
rElec    .         Reflect  +   j - ring of resist corrosion
rCorr    +         Harm     .   p - ring of protection from fire
MR       .....                  q - ring of magical power
Stlth    ++........             (no ring)
HPRegen  0.18/turn              (no ring)
MPRegen  0.19/turn              (no ring)
                                (no ring)
                                (no ring)

@: lightly drained
A: almost no armour, stealthy swim, amphibious, 8 rings, constrict 8, camouflage
1, gelatinous body 1
a: no special abilities


You were on level 6 of the Dungeon.
You were not hungry.

You visited 2 branches of the dungeon, and saw 7 of its levels.

You collected 296 gold pieces.

Inventory:

Hand Weapons
 B - the +8 whip "Impslayer" {venom, rC+ Dex+2}
   (You took it off an orc on level 6 of the Dungeon)

   It poisons the flesh of those it strikes.
   It affects your dexterity (+2).
   It protects you from cold.
Missiles
 a - 86 arrows
Jewellery
 j - a ring of resist corrosion (left tentacle)
 p - a ring of protection from fire (right tentacle)
 q - a ring of magical power (on tentacle)
 A - a +2 amulet of reflection (around mantle)
Wands
 l - a wand of iceblast (10)
 y - a wand of clouds (6)
Scrolls
 b - 2 scrolls of enchant armour
 e - a scroll of blinking
 g - a scroll of magic mapping
 i - 2 scrolls of remove curse
 k - 3 scrolls of identify
 m - 2 scrolls of amnesia
 u - 2 scrolls of fear {unknown}
 w - a scroll of teleportation
Potions
 d - 5 potions of curing {unknown}
 f - a potion of heal wounds {unknown}
 h - a potion of berserk rage {unknown}
 n - a potion of magic {unknown}
 o - a potion of might {unknown}
 r - a potion of resistance {unknown}
 s - a potion of agility {unknown}
 t - a potion of degeneration {unknown}
 v - a potion of flight {unknown}
 x - a potion of brilliance {unknown}
 z - a potion of cancellation {unknown}
Comestibles
 c - 12 rations


   Skills:
 + Level 4.7(4.4) Fighting
 + Level 5.1(4.7) Dodging
 + Level 5.6(5.3) Unarmed Combat
 + Level 4.8(4.5) Spellcasting
 + Level 5.1(4.8) Transmutations


You had 12 spell levels left.
You knew the following spells:

 Your Spells              Type           Power        Failure   Level  Hunger
a - Beastly Appendage     Tmut           ###...       2%          1    None
b - Spider Form           Tmut/Pois      ##........   19%         3    ###....

Your spell library contained the following spells:

 Spells                   Type           Power        Failure   Level  Hunger
 Sticks to Snakes         Tmut           ###.....     3%          2    ##.....
 Animate Skeleton         Necr           N/A          17%         1    None
 Apportation              Tloc           #.....       17%         1    None
 Confusing Touch          Hex            #.....       17%         1    None
 Summon Small Mammal      Summ           #...         17%         1    None
 Ice Form                 Ice/Tmut       ##......     54%         4    ####...
 Blade Hands              Tmut           ###.......   54%         5    ######.


Dungeon Overview and Level Annotations

Branches:
Dungeon (6/15)             Temple (1/1) D:5

Altars:
Ashenzari
Cheibriados
Dithmenos
Elyvilon
Fedhas
Gozag
Hepliaklqana
Kikubaaqudgha
Makhleb
Nemelex Xobeh
Okawaru
Ru
Sif Muna
Uskayaw
Vehumet
Wu Jian
Xom
Yredelemnul
Zin

Annotations:
D:3 2 runed translucent doors, donath's ghost, amateur BaBe


Innate Abilities, Weirdness & Mutations

You cannot wear most types of armour.
You are very stealthy in the water. (Stealth+)
You are amphibious.
You can wear up to eight rings at the same time.
You can use your tentacles to constrict eight enemies at once.
Your skin changes colour to match your surroundings (Stealth+).
Your rubbery body absorbs attacks. (AC +1, EV +1)


Message History

Your tentacle spike disappears.
The wight hits you with a +0 flail! The wight hits you with a +0 flail!
You feel drained.
A wight comes into view.
It is wielding a +3 falchion of freezing.
The wight hits you with a +3 falchion of freezing!
* * * LOW HITPOINT WARNING * * *
The wight freezes you.
* * * LOW HITPOINT WARNING * * *
You tentacle-slap the wight but do no damage.
You grab the wight.
You constrict the wight, but do no damage.
The wight completely misses you. The wight misses you.
The phantom blinks!
The wight completely misses you.
You tentacle-slap the wight.
The wight is moderately damaged.
You constrict the wight.
The wight hits you with a +4 falchion of freezing!
* * * LOW HITPOINT WARNING * * *
The wight freezes you.
You die...

.........###.......#.#
........##.....####.##
.###.#.###..<..# #.#
........oo.....# #.#
####.#.###.....# #.#
#.#+###.....# #.#
####....###########.##
)........## ##.z...#
###.......## #.@###.#
##.........####zz# #.#
.'.........'...s.###.#
##.........###...W...#
##.......# #§o....##
##.....## #.######
##...## #.# ##'####
#.# #.....# #.#


You could see a phantom, a scorpion, 3 wights and an orc.

Vanquished Creatures
  Menkaure (D:5)
  An ice beast (D:5)
  A sky beast (D:6)
  3 ogres
  2 centaurs
  3 bullfrogs (D:6)
  A scorpion (D:4)
  A hound (D:5)
  An orc priest (D:6)
  2 jellies
  An orc wizard (D:4)
  A bullfrog skeleton (D:5)
  5 worker ants
  2 hound zombies (D:6)
  2 hound skeletons
  4 gnolls
  5 adders
  A shadow imp (D:5)
  2 oozes
  An adder zombie (D:5)
  An adder skeleton (D:4)
  2 dart slugs (D:2)
  4 leopard geckos
  15 orcs
  2 giant cockroaches
  6 goblins
  5 hobgoblins
  A quokka (D:2)
  A ball python skeleton (D:4)
  3 bats
  7 frilled lizards
  5 kobolds
  A quokka skeleton (D:4)
  8 rats
101 creatures vanquished.

Vanquished Creatures (others)
  An orc wizard (D:6)
1 creature vanquished.

Grand Total: 102 creatures vanquished

Notes
Turn   | Place    | Note
-------+----------+-------------------------------------------
     0 | D:1      | wirefist the Octopode Transmuter began the quest for the
                  | Orb.
     0 | D:1      | Reached XP level 1. HP: 13/13 MP: 3/3
   175 | D:1      | Reached XP level 2. HP: 17/18 MP: 3/5
   586 | D:2      | Reached XP level 3. HP: 9/23 MP: 6/6
  1509 | D:2      | Found a deep blue altar of Sif Muna.
  1889 | D:3      | Reached XP level 4. HP: 24/29 MP: 5/7
  2052 | D:3      | Found a large runed translucent door.
  2055 | D:3      | Found a large runed translucent door.
  2060 | D:3      | Noticed donath's ghost (amateur BaBe)
  2888 | D:3      | Learned a level 3 spell: Spider Form
  3289 | D:4      | Reached XP level 5. HP: 27/34 MP: 9/9
  3687 | D:4      | Noticed an ogre
  3701 | D:4      | Killed an ogre
  3701 | D:4      | Reached XP level 6. HP: 5/41 MP: 10/10
  4566 | D:5      | Entered Level 5 of the Dungeon
  4578 | D:5      | Reached XP level 7. HP: 23/46 MP: 12/12
  4719 | D:5      | Found a blossoming altar of Fedhas.
  5613 | D:5      | Noticed a +0 dagger
  5614 | D:5      | Found a hide-covered altar of Uskayaw.
  5614 | D:5      | Noticed a +0 hand axe
  5634 | D:5      | Noticed Menkaure
  5652 | D:5      | Killed Menkaure
  5906 | D:5      | Found a staircase to the Ecumenical Temple.
  5929 | D:5      | Reached XP level 8. HP: 28/54 MP: 14/14
  5940 | Temple   | Entered the Ecumenical Temple
  6150 | D:5      | Found a radiant altar of Vehumet.
  6150 | D:5      | Found a snail-covered altar of Cheibriados.
  6150 | D:5      | Found an opulent altar of Gozag.
  6151 | D:5      | Found an ancient bone altar of Kikubaaqudgha.
  6152 | D:5      | Found a shattered altar of Ashenzari.
  6153 | D:5      | Found a basalt altar of Yredelemnul.
  6154 | D:5      | Found a shadowy altar of Dithmenos.
  6155 | D:5      | Found a white marble altar of Elyvilon.
  6236 | D:5      | Reached skill level 5 in Unarmed Combat
  7173 | D:6      | Identified the +8 whip "Impslayer" {venom, rC+ Dex+2}
  7197 | D:6      | Reached skill level 5 in Transmutations
  7427 | D:6      | Reached skill level 5 in Dodging
  7427 | D:6      | Noticed a hornet
  7463 | D:6      | HP: 2/54 [wight/+4 falchion of freezing (7)]
  7463 | D:6      | Slain by a wight

Levels and vault maps discovered:
D:1:      dpeg_arrival_stone_temple_mockup, layout_basic
D:2:      layout_loops_ring, marbit_many_paths, minmay_tromino_v4_b
D:3:      layout_loops_cross, ebering_ghost_disaster_area
D:4:      layout_basic
D:5:      layout_rooms, minitemple, dancing_weapons_uskayaw,
          minmay_temple_entry_slanted, enter_ossuary_2, first_ration,
          fedhas_altar_4, uniq_menkaure
D:6:      layout_loops_corners
Temple:   nicolae_temple_figure_zero

Skill      XL: |  1  2  3  4  5  6  7  8 |
---------------+-------------------------+-----
Fighting       | 2 3 4 |  4.7
Dodging        | 3 4 5 |  5.1
Transmutations | 3 4 5 |  5.1
Spellcasting   | 3 4 |  4.8
Unarmed Combat | 4 5 |  5.6

Action                   |  1- 3 |  4- 6 |  7- 9 || total
-------------------------+-------+-------+-------++-------
Melee: Unarmed           |    79 |   109 |   140 ||   328
       Constrict         |    23 |    17 |    18 ||    58
       Tentacles         |    11 |    18 |    20 ||    49
       Kick              |     6 |    13 |    23 ||    42
       Punch             |     1 |     3 |     7 ||    11
 Cast: Beastly Appendage |    14 |    10 |    14 ||    38
       Spider Form       |       |     2 |     5 ||     7
  Use: Scroll            |     4 |     5 |     1 ||    10
 Stab: Sleeping          |     4 |     5 |       ||     9
       Distracted        |       |       |     1 ||     1
  Eat: Chunk             |     3 |     9 |     6 ||    18
       Ration            |       |       |     1 ||     1
Armor: Skin              |     3 |     6 |     4 ||    13
Dodge: Dodged            |    42 |    83 |   118 ||   243
Block: Other             |       |       |     1 ||     1

Table legend:
 A = Non-vault XP
 B = Vault XP
 C = Vault XP percentage of total XP
 D = Non-vault monster count
 E = Vault monster count
 F = Vault count percentage of total count
                 A         B        C        D         E       F
            +---------+---------+-------+---------+---------+-------
      Total |    1999 |     186 |   8.5 |      99 |       3 |   2.9
            +---------+---------+-------+---------+---------+-------
        D:1 |      18 |       0 |   0.0 |      13 |       0 |   0.0
        D:2 |      40 |       3 |   7.0 |      10 |       2 |  16.7
        D:3 |      63 |       0 |   0.0 |      25 |       0 |   0.0
        D:4 |     460 |       0 |   0.0 |      17 |       0 |   0.0
        D:5 |     636 |     183 |  22.3 |      17 |       1 |   5.6
        D:6 |     782 |       0 |   0.0 |      17 |       0 |   0.0
            +---------+---------+-------+---------+---------+-------
